 Dungeon Crawl Stone Soup version 0.29-a0-509-g793eeb5391 (webtiles) character file.

Game seed: 11680010835578398863

82177 Bruhh the Transmogrifier (level 15, 82/223 HPs)
             Began as an Ogre Ice Elementalist on May 29, 2022.
             Was a High Priest of Sif Muna.
             Quit the game on level 2 of the Orcish Mines.
             The game lasted 01:14:34 (39482 turns).

Bruhh the Transmogrifier (Ogre Ice Elementalist)   Turns: 39482, Time: 01:14:34

Health: 82/223     AC: 16    Str: 32    XL:     15   Next: 72%
Magic:  29/29      EV:  7    Int: 26    God:    Sif Muna [*****.]
Gold:   2188       SH:  0    Dex:  9    Spells: 1/34 levels left

rFire   + . .      SeeInvis .     - Unarmed
rCold   x . .      Faith    .   (shield currently unavailable)
rNeg    . . .      Spirit   .   (body armour currently unavailable)
rPois   +          Reflect  .   (helmet currently unavailable)
rElec   .          Harm     .   (cloak currently unavailable)
rCorr   .          Rampage  .   (gloves unavailable)
Will    ++...                   (boots unavailable)
Stlth   ++........              t - amulet "Xootiu Gotti" {RegenMP rPois rC- Stlth+}
HPRegen 0.47/turn               K - +6 ring of strength
MPRegen 0.61/turn               f - ring of the Evening {Ice Int+4}

@: dragon-form, flying
A: dragon claw, dragon scales, breathe fire, flying, boosted hp, giant,
unfitting armour, (tough skin 1), (iridescent scales 1), strong-willed 1,
(poison resistance)
a: Breathe Fire, End Transformation, Renounce Religion, Channel Magic, Forget
Spell, Divine Exegesis


You were on level 2 of the Orcish Mines.
You worshipped Sif Muna.
Sif Muna was extremely pleased with you.
You were a fearsome dragon!
You visited 4 branches of the dungeon, and saw 24 of its levels.
You also visited: Bailey.

You collected 2188 gold pieces.

Inventory:

Hand Weapons
 h - a +5 spear
Missiles
 q - 3 throwing nets
Armour
 u - a +1 robe of cold resistance
 x - a +1 robe of the Archmagi (melded)
 J - the +2 shield of Resistance (melded) {rF++ rC++ Will++}
   (You acquired it on level 3 of the Lair of Beasts)

   rF:        It greatly protects you from fire.
   rC:        It greatly protects you from cold.
   Will:      It greatly increases your willpower.
 W - a +1 hat of see invisible (melded)
Jewellery
 c - the amulet "Peysaeh" {RegenMP Fragile rElec rCorr Int-3}
   (You found it on level 3 of the Dungeon)

   [amulet of magic regeneration]

   It increases your rate of magic regeneration.
   Int:       It affects your intelligence (-3).
   rElec:     It insulates you from electricity.
   rCorr:     It protects you from acid and corrosion.
   Fragile:   It will be destroyed if unequipped.
 f - the ring of the Evening (right foreclaw) {Ice Int+4}
   (You found it on level 6 of the Lair of Beasts)

   [ring of ice]

   It enhances your ice magic.
   Int:       It affects your intelligence (+4).
   rF:        It makes you vulnerable to fire.
   rC:        It protects you from cold.
 p - an amulet of guardian spirit
 t - the amulet "Xootiu Gotti" (around neck) {RegenMP rPois rC- Stlth+}
   (You acquired it on level 3 of the Lair of Beasts)

   [amulet of magic regeneration]

   It increases your rate of magic regeneration.
   rC:        It makes you vulnerable to cold.
   rPois:     It protects you from poison.
   Stlth:     It makes you more stealthy.
 F - a ring of willpower
 K - a +6 ring of strength (left foreclaw)
Wands
 a - a wand of acid (5)
 b - a wand of charming (2)
 i - a wand of iceblast (23)
 r - a wand of digging (4)
 v - a wand of flame (73)
 R - a wand of paralysis (6)
 Y - a wand of mindburst (8)
Scrolls
 m - 6 scrolls of teleportation
 o - 2 scrolls of fear
 s - 3 scrolls of enchant armour
 w - 4 scrolls of enchant weapon
 y - a scroll of magic mapping
 z - a scroll of blinking
 A - 3 scrolls of fog
 B - 2 scrolls of vulnerability {unknown}
 G - 3 scrolls of noise
 H - 2 scrolls of torment {unknown}
 I - 2 scrolls of immolation
 L - 2 scrolls of silence {unknown}
 P - 2 scrolls of amnesia
 S - 2 scrolls of summoning
Potions
 d - 5 potions of lignification
 e - 13 potions of curing
 g - 2 potions of cancellation {unknown}
 j - 8 potions of might
 l - 3 potions of brilliance
 n - 7 potions of flight
 D - 3 potions of attraction {unknown}
 E - 2 potions of resistance
 M - a potion of haste
 N - 2 potions of berserk rage {unknown}
 O - 2 potions of heal wounds
 Q - a potion of mutation
 T - a potion of magic
 X - a potion of invisibility
 Z - a potion of ambrosia {unknown}
Miscellaneous
 U - a phantom mirror


   Skills:
 - Level 10.0 Fighting
 - Level 1.7 Dodging
 - Level 1.4 Stealth
 - Level 6.1 Shields
 + Level 3.7 Unarmed Combat
 - Level 10.0 Spellcasting
 - Level 5.0 Conjurations
 - Level 3.6 Translocations
 + Level 14.7 Transmutations
 - Level 7.2 Ice Magic
 - Level 11.0 Air Magic
 - Level 9.0 Earth Magic
 - Level 0.9 Poison Magic
 - Level 0.6 Invocations


You had one spell level left.
You knew the following spells:

 Your Spells              Type           Power      Damage    Failure   Level
a - Freeze                Ice            100%       1d11      1%          1
b - Frozen Ramparts       Ice            100%       1d12      1%          3
c - Lee's Rapid Deconstr  Erth           28%        3d16*     3%          5
d - Dragon Form           Tmut           37%        N/A       9%          7
e - Airstrike             Air            31%        N/A       1%          4
f - Storm Form            Tmut/Air       34%        N/A       21%         7
g - Statue Form           Tmut/Erth      43%        N/A       5%          6

Your spell library contained the following spells:

 Spells                   Type           Power      Damage    Failure   Level
 Beastly Appendage        Tmut           100%       N/A       0%          1
 Shock                    Conj/Air       100%       1d9       1%          1
 Wereblood                Tmut           74%        N/A       0%          2
 Blink                    Tloc           64%        N/A       1%          2
 Ensorcelled Hibernation  Hex/Ice        94%        N/A       1%          2
 Passwall                 Tmut/Erth      54%        N/A       1%          2
 Poisonous Vapours        Pois/Air       86%        N/A       1%          2
 Ignite Poison            Fire/Tmut/Pois 40%        N/A       1%          3
 Ozocubu's Armour         Ice            66%        N/A       1%          3
 Spider Form              Tmut/Pois      52%        N/A       1%          3
 Stone Arrow              Conj/Erth      98%        3d13      1%          3
 Swiftness                Air            63%        N/A       1%          3
 Ice Form                 Ice/Tmut       81%        N/A       1%          4
 Petrify                  Tmut/Erth      65%        N/A       1%          4
 Hailstorm                Conj/Ice       61%        3d13      3%          4
 Conjure Flame            Conj/Fire      26%        6-21      4%          3
 Summon Lightning Spire   Summ/Air       41%        N/A       4%          4
 Lightning Bolt           Conj/Air       26%        1d42      4%          5
 Freezing Cloud           Conj/Ice/Air   34%        6-21      5%          5
 Yara's Violent Unravell  Hex/Tmut       25%        3d11      6%          5
 Iskenderun's Mystic Bla  Conj/Tloc      35%        2d8       8%          4
 Passage of Golubria      Tloc           32%        N/A       10%         4
 Summon Ice Beast         Ice/Summ       47%        N/A       11%         4
 Inner Flame              Hex/Fire       13%        N/A       14%         3
 Sticky Flame             Conj/Fire      26%        2d5       16%         4
 Iskenderun's Battlesphe  Conj           39%        2d9       16%         5
 Borgnjor's Vile Clutch   Necr/Erth      18%        N/A       21%         5
 Conjure Ball Lightning   Conj/Air       26%        3x3d7     26%         6
 Manifold Assault         Tloc           32%        N/A       28%         5
 Metabolic Englaciation   Hex/Ice        23%        N/A       28%         5
 Eringya's Noxious Bog    Tmut/Pois      26%        N/A       28%         6
 Iron Shot                Conj/Erth      24%        9d5       36%         6
 Cause Fear               Hex            6%         N/A       41%         4
 Fireball                 Conj/Fire      13%        3d7       41%         5
 Summon Mana Viper        Hex/Summ       13%        N/A       77%         5
 Dispersal                Tloc           16%        N/A       83%         6
 Orb of Destruction       Conj           19%        9d8       99%         7
 Monstrous Menagerie      Summ           6%         N/A       100%        7
 Discord                  Hex            6%         N/A       100%        8
 Disjunction              Tloc           16%        N/A       100%        8


Dungeon Overview and Level Annotations

Branches:
Dungeon (15/15)            Temple (1/1) D:4            Lair (6/6) D:8
  Swamp (0/4) Lair:3        Snake (0/4) Lair:4        Slime (0/5) Lair:5
    Orc (2/2) D:10            Elf (0/3) Orc:2        Vaults (0/5) D:13
 Bailey (visited)
 Depths: D:15

Altars:
Ashenzari
Cheibriados
Dithmenos
Elyvilon
Fedhas
Gozag
Hepliaklqana
Kikubaaqudgha
Makhleb
Nemelex Xobeh
Okawaru
Qazlal
Ru
Sif Muna
Trog
Uskayaw
Vehumet
Wu Jian
Xom
Yredelemnul
Zin
The Shining One
Beogh
Jiyva

Shops:
D:3 =   D:9 (   Orc:2 [

Annotations:
D:5 3 runed translucent doors, Numlok's ghost, weakling DsDe; blade888's ghost, novice GnFE
D:7 3 runed translucent doors, Gilette's ghost, novice MiGl
D:15 Azrael


Innate Abilities, Weirdness & Mutations

You are a fearsome dragon!
You have a powerful clawing attack.
Your giant scaled body is strong and resiliant, but less evasive.
You can breathe fire.
You are flying.
Your maximum health is greatly increased.
Your armour is entirely melded.
You are incapable of wielding weapons or throwing items.
You are too large for most types of armour.
((You have tough skin. (AC +1)))
((You are partially covered in iridescent scales. (AC +2)))
You are strong-willed. (Will+)
((Your system is resistant to poisons. (rPois)))


Message History

A two-headed ogre is nearby!
A two-headed ogre is nearby!
A two-headed ogre is nearby!
A two-headed ogre is nearby!
A two-headed ogre is nearby!
A two-headed ogre is nearby!
A two-headed ogre is nearby!
Casting: Dragon Form (dangerous; 21% risk of failure)
Confirm with . or Enter, or press ? or * to list all spells.
You feel a surge of power!
You turn into a fearsome dragon!
Your +1 hat of see invisible melds into your body.
The +2 shield of Resistance {rF++ rC++ Will++} melds into your body.
Your +1 robe of the Archmagi melds into your body.
You feel less perceptive.
You feel strangely numb.
The two-headed ogre shouts in stereo!
Unknown command.
You are too injured to fight recklessly!
You are too injured to fight recklessly!
Unknown command.
You are too injured to fight recklessly!
You are too injured to fight recklessly!
Things that are here:
a +0 robe; a +0 dagger
Items here: )) [[.
The two-headed ogre closely misses you.
The two-headed ogre hits you with a +0 giant club!
You claw the two-headed ogre!
The two-headed ogre is moderately wounded.
You bite the two-headed ogre!!
You tail-slap the two-headed ogre, but do no damage.
You claw the two-headed ogre.
The two-headed ogre is severely wounded.
The two-headed ogre hits you with a +0 giant club.
The two-headed ogre hits you with a +0 giant club!
You maul the two-headed ogre!!!!
You kill the two-headed ogre!
Sif Muna accepts your kill.
Things that are here:
a +0 giant club; a +0 giant club; a two-headed ogre corpse Are you sure you want to abandon this character and quit the game? (Confirm with "yes".)

....#.##............#.........##
.[[#####...........###.........##
.)..## ##.......########........#
....)###...........##.#........##
.....##.............##........##
.....##......#.......#.......##
.....[#......#............#.##
#....)......###...........###
##.....[...## ##D.).....###
#..#....### ###.......##
####..### #...[.[....### #....#
##..[.)[).....# ##..##
###.....[<......### ####
#.#......#[.......##
##......#.###.......##
##.......####.........##
#........## #..........#


There were no monsters in sight!

Vanquished Creatures
  Rupert (D:13)
  Louise (D:14)
  Josephine (D:10)
  6 hydras
  3 boulder beetles
  The ghost of leebro123 the Ruffian, a novice TrFi of Ru (D:9)
  An ogre mage (Orc:2)
  A catoblepas (Lair:6)
  7 centaur warriors
  8 two-headed ogres
  Erica (D:8)
  A tengu warrior (D:14)
  Urug (Lair:1)
  Sonja (D:13)
  3 skeletal warriors (D:12)
  A deep troll (Orc:2)
  A necromancer (D:13)
  A phantasmal warrior (D:13)
  3 orc knights
  2 deep elf pyromancers
  Pikel (D:5)
  2 oklob plants (Lair:4)
  2 orc sorcerers
  5 manticores
  6 ugly things (D:15)
  5 cyclopes
  7 elephants (Lair:5)
  Maurice (Orc:1)
  4 black mambas
  A gargoyle (D:14)
  Maggie (D:7)
  15 cane toads
  A freezing wraith (D:15)
  An efreet (D:11)
  A rime drake (Lair:5)
  A kobold demonologist (D:11)
  10 komodo dragons
  A tengu conjurer (D:14)
  3 tyrant leeches (Lair:6)
  11 trolls
  10 blink frogs (Lair:6)
  2 nameless horrors
  5 slime creatures (D:13)
  A shadow (D:11)
  A fire elemental (D:14)
  3 wraiths (D:10)
  A yak (shapeshifter) (D:14)
  3 wyverns
  21 yaks
  5 basilisks
  2 steam dragons
  Menkaure (D:4)
  5 vampire mosquitoes
  3 wargs
  An acid dragon (shapeshifter) (D:14)
  13 water moccasins
  2 acid dragons
  2 hell hounds
  An ice beast (D:6)
  28 orc warriors
  A sky beast (D:7)
  2 black bears
  16 ogres
  7 wolves
  19 centaurs
  2 phantoms (D:6)
  A lemure (D:5)
  Blork the orc (D:5)
  3 kobold brigands
  11 bullfrogs
  2 scorpions (D:6)
  A gnoll sergeant (D:9)
  11 wights
  5 killer bees (D:9)
  9 howler monkeys
  4 electric eels
  2 bullfrog zombies (D:6)
  A jelly (D:6)
  2 gnoll shamans
  6 hounds
  11 orc priests
  Jessica (D:3)
  4 iguanas
  16 orc wizards
  A mummy (D:4)
  11 gnolls
  8 adders
  3 shadow imps
  A white imp (D:7)
  3 ufetubi
  3 worms
  81 orcs
  5 ball pythons
  4 bats
  4 endoplasms
  7 giant cockroaches
  5 goblins
  5 hobgoblins
  5 jackals
  A frilled lizard (D:1)
  A hobgoblin zombie (D:4)
  28 kobolds
  2 kobold zombies (D:4)
  An orc zombie (D:4)
  7 rats
558 creatures vanquished.

Vanquished Creatures (collateral kills)
  Gastronok (Lair:3)
  Nergalle (Lair:3)
  A goliath frog (Lair:6)
  A skeletal warrior (D:12)
  An orc knight (Bailey)
  An oklob plant (Lair:4)
  3 elephants (Lair:5)
  3 cane toads
  A rime drake (Lair:6)
  5 komodo dragons
  A troll (D:10)
  A blink frog (Lair:6)
  2 polar bears
  A shadow (D:9)
  7 yaks
  4 basilisks
  A steam dragon (Lair:4)
  A vampire mosquito (Lair:6)
  A naga (Lair:4)
  2 water moccasins
  2 orc warriors (Bailey)
  2 ice beasts
  A wolf (Lair:3)
  7 bullfrogs
  An orc wizard (D:11)
  13 orcs
  A kobold (D:9)
66 creatures vanquished.

Vanquished Creatures (others)
  29 fungi
  126 plants
155 creatures vanquished.

Grand Total: 779 creatures vanquished

Notes
Turn   | Place    | Note
-------+----------+-------------------------------------------
     0 | D:1      | Bruhh the Ogre Ice Elementalist began the quest for the
                  | Orb.
     0 | D:1      | Reached XP level 1. HP: 16/16 MP: 3/3
    43 | D:1      | Found a faded altar of an unknown god.
   299 | D:1      | Reached XP level 2. HP: 20/24 MP: 1/5
  1071 | D:2      | Reached XP level 3. HP: 27/31 MP: 2/7
  1188 | D:2      | Learned a level 3 spell: Frozen Ramparts
  1192 | D:2      | Learned a level 3 spell: Ozocubu's Armour
  1841 | D:2      | Reached XP level 4. HP: 32/39 MP: 2/9
  2096 | D:3      | You fall into a shaft and drop 1 floor!
  2182 | D:4      | Found a staircase to the Ecumenical Temple.
  2196 | Temple   | Entered the Ecumenical Temple
  2250 | Temple   | Became a worshipper of Sif Muna the Loreminder
  2431 | D:4      | Noticed Menkaure
  2439 | D:4      | Reached XP level 5. HP: 35/45 MP: 4/11
  2445 | D:4      | Killed Menkaure
  2446 | D:4      | Reached skill level 5 in Spellcasting
  2446 | D:4      | Reached skill level 5 in Ice Magic
  2446 | D:4      | Reached XP level 6. HP: 24/53 MP: 5/14
  2716 | D:4      | Noticed a black bear
  2722 | D:4      | Killed a black bear
  2979 | D:4      | Reached * piety under Sif Muna
  3169 | D:4      | Reached XP level 7. HP: 11/59 MP: 17/17
  3631 | D:3      | Found a stormy altar of Qazlal.
  3640 | D:3      | Identified the amulet "Peysaeh" {RegenMP Fragile rElec
                  | rCorr Int-3}
  3661 | D:3      | Found Jest's Jewellery Emporium.
  3776 | D:3      | Noticed Jessica
  3781 | D:3      | Killed Jessica
  4392 | D:5      | Entered Level 5 of the Dungeon
  4477 | D:5      | Reached skill level 1 in Fighting
  4702 | D:5      | Found a runed translucent gate.
  4702 | D:5      | Found a runed translucent gate.
  4703 | D:5      | Found a runed translucent gate.
  4706 | D:5      | Noticed Numlok's ghost (weakling DsDe)
  4706 | D:5      | Noticed blade888's ghost (novice GnFE)
  4714 | D:5      | Noticed Blork the orc
  4725 | D:5      | Killed Blork the orc
  4983 | D:5      | Noticed Pikel
  4999 | D:5      | Killed Pikel
  5000 | D:5      | Reached XP level 8. HP: 64/79 MP: 6/20
  5428 | D:5      | Reached skill level 5 in Fighting
  5676 | D:5      | Reached ** piety under Sif Muna
  6299 | D:6      | Found a basalt altar of Yredelemnul.
  6552 | D:6      | Found a hide-covered altar of Uskayaw.
  6949 | D:6      | Reached XP level 9. HP: 74/92 MP: 16/21
  7191 | D:6      | Reached skill level 1 in Air Magic
  7698 | D:6      | Reached skill level 1 in Conjurations
  9307 | D:7      | HP: 4/83 [wight/+5 spear (2)]
  9911 | D:7      | Reached XP level 10. HP: 79/106 MP: 15/22
 10101 | D:7      | Noticed Maggie
 10113 | D:7      | Killed Maggie
 10114 | D:7      | Reached skill level 10 in Fighting
 10121 | D:7      | Learned a level 4 spell: Hailstorm
 10126 | D:7      | Learned a level 4 spell: Airstrike
 10360 | D:7      | Reached *** piety under Sif Muna
 10361 | D:7      | Reached skill level 5 in Air Magic
 10916 | D:7      | Found a runed translucent gate.
 10916 | D:7      | Noticed Gilette's ghost (novice MiGl)
 10917 | D:7      | Found a runed translucent gate.
 10919 | D:7      | Found a runed translucent gate.
 10988 | D:7      | Found a bloodstained altar of Trog.
 11044 | D:7      | Found a sparkling altar of Nemelex Xobeh.
 11678 | D:8      | HP: 1/110 [wolf (7)]
 12473 | D:8      | Found a staircase to the Lair.
 12711 | D:8      | Learned a level 4 spell: Summon Lightning Spire
 12724 | D:8      | Reached skill level 5 in Conjurations
 12941 | D:8      | Found a broken altar of Ashenzari.
 12941 | D:8      | Found an opulent altar of Gozag.
 13311 | D:8      | Noticed Erica
 13323 | D:8      | Killed Erica
 13581 | D:9      | Found Coh Leub's Weapon Boutique.
 13605 | D:9      | Found a shimmering altar of Xom.
 13931 | D:9      | Reached XP level 11. HP: 113/117 MP: 20/23
 13952 | D:9      | Reached **** piety under Sif Muna
 14396 | D:9      | Found a runed translucent gate.
 14396 | D:9      | Found a runed translucent gate.
 14396 | D:9      | Found a runed translucent gate.
 14396 | D:9      | Noticed leebro123's ghost (novice TrFi)
 14527 | D:9      | Found a glowing golden altar of the Shining One.
 14769 | Lair:1   | Entered Level 1 of the Lair of Beasts
 15558 | Lair:1   | Noticed Urug
 15573 | Lair:1   | Killed Urug
 15574 | Lair:1   | Reached skill level 10 in Air Magic
 16406 | Lair:2   | Reached skill level 10 in Spellcasting
 17390 | Lair:3   | Noticed Gastronok
 17480 | Lair:3   | Identified the ring "Coeckol" {Will- rCorr AC+4 Int+5
                  | Stlth-}
 17502 | Lair:3   | Identified 3 scrolls of acquirement
 17502 | Lair:3   | Acquired a book of Sloth
 17506 | Lair:3   | Acquired the +2 shield of Resistance {rF++ rC++ Will++}
 17506 | Lair:3   | Found the +2 shield of Resistance {rF++ rC++ Will++}
 17510 | Lair:3   | Acquired the amulet "Xootiu Gotti" {RegenMP rPois rC-
                  | Stlth+}
 17548 | Lair:3   | Noticed Nergalle
 17556 | Lair:3   | Killed Nergalle
 17557 | Lair:3   | Reached skill level 1 in Shields
 17557 | Lair:3   | Reached skill level 1 in Transmutations
 17557 | Lair:3   | Reached XP level 12. HP: 126/126 MP: 9/26
 17617 | Lair:3   | Reached skill level 1 in Earth Magic
 17639 | Lair:3   | Reached skill level 2 in Transmutations
 17719 | Lair:3   | Found a staircase to the Swamp.
 18234 | Lair:3   | Killed Gastronok
 18235 | Lair:3   | Reached skill level 3 in Transmutations
 18517 | Lair:4   | Found a staircase to the Snake Pit.
 18701 | Lair:4   | Reached skill level 4 in Transmutations
 19978 | Lair:5   | Found a viscous altar of Jiyva.
 19978 | Lair:5   | Found a staircase to the Slime Pits.
 19985 | Lair:5   | Reached skill level 5 in Transmutations
 20370 | Lair:5   | Reached skill level 6 in Transmutations
 20854 | Lair:5   | Reached skill level 5 in Shields
 20960 | Lair:5   | Reached XP level 13. HP: 133/133 MP: 15/27
 21163 | Lair:5   | Reached skill level 7 in Transmutations
 21713 | Lair:5   | Reached skill level 8 in Transmutations
 21927 | Lair:6   | Entered Level 6 of the Lair of Beasts
 22608 | Lair:6   | Reached skill level 9 in Transmutations
 22609 | Lair:6   | Reached ***** piety under Sif Muna
 22613 | Lair:6   | Reached skill level 5 in Earth Magic
 23119 | Lair:6   | Received a gift from Sif Muna
 23140 | Lair:6   | Got Sif Muna's Grimoire of Moulding {god gift}
 23154 | Lair:6   | Learned a level 6 spell: Statue Form
 23309 | Lair:6   | Reached skill level 10 in Transmutations
 23766 | Lair:6   | Identified the ring of the Evening {Ice Int+4}
 24210 | D:9      | Killed leebro123's ghost
 24311 | D:10     | Entered Level 10 of the Dungeon
 24375 | D:10     | Found a staircase to the Orcish Mines.
 24701 | D:10     | Found a flagged portal.
 24723 | D:10     | Found a shadowy altar of Dithmenos.
 24778 | Bailey   | Entered a bailey
 24981 | Bailey   | Reached XP level 14. HP: 126/143 MP: 17/28
 25201 | Bailey   | Identified the +5 scale mail of the Smoking Gods {rN+++
                  | Str-3 Int+4}
 25411 | D:10     | Reached skill level 11 in Transmutations
 26004 | D:10     | Acquired the Almanac of Aerial Stones
 26014 | D:10     | Learned a level 5 spell: Freezing Cloud
 27556 | D:11     | Received a gift from Sif Muna
 27558 | D:11     | Reached skill level 12 in Transmutations
 27606 | D:11     | Got Sif Muna's Handbook of Unstable Transformation {god
                  | gift}
 28462 | D:12     | Found an opulent altar of Gozag.
 28748 | D:12     | Learned a level 5 spell: Lee's Rapid Deconstruction
 29043 | D:13     | Gained mutation: You are weak. (Str -2) [mutagenic glow]
 29437 | D:13     | Lost mutation: You are weak. (Str -2) [potion of mutation]
 29437 | D:13     | Gained mutation: You are agile. (Dex +2) [potion of
                  | mutation]
 29437 | D:13     | Gained mutation: Your movements are slightly less
                  | encumbered by armour. (ER -2) [potion of mutation]
 29437 | D:13     | Gained mutation: Potions are less effective at restoring
                  | your health. [potion of mutation]
 29438 | D:13     | Lost mutation: Potions are less effective at restoring your
                  | health. [potion of mutation]
 29438 | D:13     | Lost mutation: You are agile. (Dex +2) [potion of mutation]
 29438 | D:13     | Lost mutation: Your movements are slightly less encumbered
                  | by armour. (ER -2) [potion of mutation]
 29438 | D:13     | Gained mutation: You have an increased reservoir of magic.
                  | (+10% MP) [potion of mutation]
 29438 | D:13     | Gained mutation: Your body sometimes deteriorates upon
                  | taking damage. [potion of mutation]
 29438 | D:13     | Gained mutation: Potions are less effective at restoring
                  | your health. [potion of mutation]
 29439 | D:13     | Lost mutation: Potions are less effective at restoring your
                  | health. [potion of mutation]
 29439 | D:13     | Lost mutation: You have an increased reservoir of magic.
                  | (+10% MP) [potion of mutation]
 29439 | D:13     | Lost mutation: Your body sometimes deteriorates upon taking
                  | damage. [potion of mutation]
 29439 | D:13     | Gained mutation: You are partially covered in iridescent
                  | scales. (AC +2) [potion of mutation]
 29439 | D:13     | Gained mutation: Your system is resistant to poisons.
                  | (rPois) [potion of mutation]
 30138 | D:13     | Noticed Sonja
 30140 | D:13     | Killed Sonja
 30738 | D:13     | Noticed Rupert
 30753 | D:13     | Killed Rupert
 30754 | D:13     | Reached skill level 13 in Transmutations
 31077 | D:13     | Found a gate to the Vaults.
 32281 | D:14     | Reached XP level 15. HP: 137/149 MP: 14/29
 32939 | D:14     | Learned a level 7 spell: Dragon Form
 32982 | D:14     | Noticed Louise
 33010 | D:14     | Killed Louise
 33372 | D:15     | Entered Level 15 of the Dungeon
 33386 | D:15     | Reached skill level 1 in Translocations
 33394 | D:15     | Reached skill level 14 in Transmutations
 34155 | D:15     | Noticed Azrael
 34811 | Orc:1    | Entered Level 1 of the Orcish Mines
 34812 | Orc:1    | Noticed Josephine
 34829 | D:10     | Killed Josephine
 34988 | Orc:1    | Gained mutation: You are strong-willed. (Will+) [mutagenic
                  | glow]
 34994 | D:10     | HP: 11/223 [wraith[Josephine] (5)]
 34994 | D:10     | HP: 3/223 [wraith[Josephine] (8)]
 35660 | Orc:1    | Noticed Maurice
 36173 | Orc:1    | Killed Maurice
 36913 | D:10     | Reached skill level 1 in Unarmed Combat
 37470 | Orc:2    | Entered Level 2 of the Orcish Mines
 37682 | Orc:2    | Learned a level 7 spell: Storm Form
 37967 | Orc:2    | Found a staircase to the Elven Halls.
 38019 | Orc:2    | Found Luck's Antique Armour Emporium.
 39482 | Orc:2    | Quit the game

Illustrated notes

Levels and vault maps discovered:
D:1:      saegor_arrival_simple_d, layout_basic,
          dreamdust_ecumenical_altar_statues
D:2:      layout_loops_ring
D:3:      layout_loops_cross, nicolae_qazlal_general_emergency, serial_shops,
          shop_fountains, uniq_jessica
D:4:      layout_loops_ring, minmay_temple_entry_glass, minmay_mini_ossuary,
          uniq_menkaure
D:5:      layout_loops_ring, gammafunk_ghost_cemetery, uniq_pikel,
          uniq_blork_the_orc
D:6:      layout_loops_corners, mainiacjoe_overflow_six_doors_small,
          lemuel_zombie_altar_yredelemnul, minmay_joined_circles
D:7:      layout_rooms, mainiacjoe_overflow_alcove_2, trog_book,
          biasface_ghost_orc_armoury, minmay_diced_spiral, uniq_maggie
D:8:      layout_loops_cross, jmf_multi_god_temple, erik_lair_island, uniq_erica
D:9:      layout_loops_ring, overflow_temple_1_default,
          mainiacjoe_overflow_alcove_1, serial_shops,
          nicolae_shop_bloodbath_and_beyond, ebering_ghost_rock_garden,
          serial_ice, serial_ice_g, serial_ice_a, serial_ice_n, serial_ice_f
D:10:     kennysheep_ambush_hall, layout_loops_ring,
          mainiacjoe_overflow_concentric_impassable, david_orc_3,
          enter_bailey_8, nicolae_fountain_basement
D:11:     minmay_distorted_concentric_squares, layout_loops_ring
D:12:     layout_basic, nicolae_gozag_cash_rules_everything_around_me
D:13:     layout_basic, david_vaults_4, serial_rivers,
          chequers_serial_rivers_room_a, chequers_serial_rivers_micro_b,
          chequers_serial_rivers_marsh, chequers_serial_rivers_large_a,
          chequers_serial_rivers_micro_b, serial_bayou_crossing, uniq_rupert,
          uniq_sonja
D:14:     layout_cave_pools, special_room [special_room_orc],
          serial_bayou_pond_b, uniq_louise
D:15:     grunt_enter_depths_giant_problem, layout_rooms,
          nicolae_uskayaw_en_pointe, uniq_azrael
Temple:   minmay_temple_bridge_abc
Lair:1:   layout_hall_layers, beast_lair_carwin_1, uniq_urug
Lair:2:   layout_chaotic_city, serial_bayou_shore_b, lemuel_fruit_tree
Lair:3:   layout_small_grid, swamp_mist, beast_lair_carwin_4,
          infiniplex_staircase_pool_2, uniq_gastronok, uniq_nergalle
Lair:4:   layout_cave_pods, guppyfry_snake_entry_garden, dpeg_oklob_1,
          serial_bayou_shore_b
Lair:5:   layout_layer_cave, slime_altar_1, hangedman_lair_unloving_vines,
          kennysheep_basilisk_garden
Lair:6:   minmay_lair_end_frog_pond, layout_cave_shapes, serial_bayou_lagoon_a
Orc:1:    layout_diamond_mine, basic_altar, uniq_josephine, uniq_maurice
Orc:2:    st_orc_open, layout_diamond_mine, enter_volcano_2

Skill      XL: |  1  2  3  4  5  6  7  8  9 10 11 12 13 14 15 |
---------------+----------------------------------------------+-----
Spellcasting   | 3 4 5 6 8 10 | 10.0
Ice Magic      | 4 5 6 7 |  7.2
Fighting       | 4 6 9 10 | 10.0
Air Magic      | 4 8 11 | 11.0
Conjurations   | 3 5 |  5.0
Shields        | 1 5 6 |  6.1
Transmutations | 1 6 10 13 14 | 14.7
Earth Magic    | 4 6 9 |  9.0
Translocations | 3 |  3.6
Unarmed Combat | 3 |  3.7
Dodging        | |  1.7
Stealth        | |  1.4
Poison Magic   | |  0.9
Invocations    | |  0.6

Action                   |  1- 3 |  4- 6 |  7- 9 | 10-12 | 13-15 || total
-------------------------+-------+-------+-------+-------+-------++-------
Melee: Unarmed           |    10 |       |       |       |   326 ||   336
       Short sword       |    22 |    13 |       |       |       ||    35
       Whip              |       |    33 |    52 |       |       ||    85
       Flail             |       |       |    48 |       |       ||    48
       Spear             |       |       |   100 |   139 |   178 ||   417
       Tailslap          |       |       |       |       |    24 ||    24
       Bite              |       |       |       |       |    17 ||    17
       Punch             |       |       |       |       |     4 ||     4
 Cast: Freeze            |    60 |    28 |    86 |    71 |    13 ||   258
       Frozen Ramparts   |       |     4 |    24 |    24 |    15 ||    67
       Ozocubu's Armour  |       |     4 |    20 |    20 |     3 ||    47
       Hailstorm         |       |       |       |    36 |    12 ||    48
       Airstrike         |       |       |       |    56 |   292 ||   348
       Summon Lightning  |       |       |       |    47 |    33 ||    80
       Statue Form       |       |       |       |       |    28 ||    28
       Freezing Cloud    |       |       |       |       |    16 ||    16
       Lee's Rapid Decon |       |       |       |       |    10 ||    10
       Dragon Form       |       |       |       |       |    11 ||    11
       Storm Form        |       |       |       |       |     1 ||     1
Invok: Forget Spell      |       |       |       |       |     3 ||     3
 Abil: End Transformatio |       |       |       |       |     1 ||     1
Evoke: Wand              |       |       |       |       |     2 ||     2
  Use: Potion            |       |     2 |     4 |     5 |     7 ||    18
       Scroll            |       |       |     7 |    11 |    27 ||    45
 Stab: Sleeping          |     3 |       |       |       |     1 ||     4
       Distracted        |       |       |       |     3 |     2 ||     5
Armor: Robe              |    29 |     9 |   111 |    70 |    46 ||   265
       Skin              |       |       |       |       |   532 ||   532
Dodge: Dodged            |    40 |    44 |   158 |    81 |   360 ||   683
Block: Kite shield       |       |       |       |    24 |   321 ||   345

Table legend: (Time is in decaauts)
 A = Elapsed time spent in this place.
 B = Non-inter-level travel time spent in this place.
 C = Inter-level travel time spent in this place.
 D = Time resting spent in this place.
 E = Time spent auto-exploring this place.
 F = Levels seen in this place.
 G = Mean time per level.
                   A        B        C        D        E       F      G
               +--------+--------+--------+--------+--------+-----+--------+
         Total |  40506 |  39326 |   1180 |   8827 |  24932 |  25 | 1620.2 |
       Dungeon |  27489 |  26713 |    776 |   6729 |  16736 |  15 | 1832.6 |
        Temple |     82 |     82 |      0 |      0 |     41 |   1 |   82.0 |
          Lair |   9461 |   9098 |    363 |    842 |   7047 |   6 | 1576.8 |
  Orcish Mines |   2874 |   2835 |     39 |   1256 |    700 |   2 | 1437.0 |
        Bailey |    599 |    599 |      0 |      0 |    407 |   1 |  599.0 |
               +--------+--------+--------+--------+--------+-----+--------+

Top non-repeatable levels by time:
    D:10: 3922 daAuts
    D:13: 3386 daAuts
     D:7: 3328 daAuts
     D:6: 2980 daAuts
  Lair:5: 2640 daAuts
    D:14: 2520 daAuts
    D:11: 1669 daAuts
     D:5: 1600 daAuts
   Orc:1: 1590 daAuts
  Lair:4: 1531 daAuts
  Lair:1: 1528 daAuts
  Lair:6: 1492 daAuts
     D:4: 1486 daAuts
     D:8: 1366 daAuts
     D:9: 1330 daAuts
